 Dungeon Crawl Stone Soup version 0.16-a0-4134-g2ca243f (webtiles) character file.

7991 Sixotanaka the Fencer (level 11, -4/82 HPs)
             Began as a Mottled Draconian Fighter on Mar 3, 2015.
             Was a High Priest of Okawaru.
             Slain by a blink frog (20 damage)
             ... on level 2 of the Lair of Beasts.
             The game lasted 00:35:51 (12826 turns).

Sixotanaka the Fencer (Mottled Draconian Fighter)  Turns: 12826, Time: 00:35:51

Health: -4/82      AC: 10    Str: 17    XL:     11   Next: 4%
Magic:  11/11      EV: 17    Int: 14    God:    Okawaru [*****.]
Gold:   179        SH:  0    Dex: 16    Spells: 0 memorised, 10 levels left

rFire  . . .     SeeInvis .     a - +2 great sword (freeze)
rCold  . . .     Clarity  .     (armour unavailable)
rNeg   + + .     SustAb   .     (no shield)
rPois  .         Gourm    +     (helmet restricted)
rElec  .         Spirit   .     A - +0 cloak
rCorr  .         Warding  .     b - +0 pair of gloves
rMut   .         Stasis   .     d - +0 pair of boots
MR     .....                    t - amulet of the gourmand
Stlth  ++++......               Y - +3 ring of dexterity
                                Z - ring of Hek Clea {rN++ Str-2 Int+5 Stlth+}

@: heroism, not resistant to hostile enchantments, stealthy
A: breathe sticky flames, unfitting armour, cold-blooded, AC +7
a: Breathe Sticky Flame, Heroism, Finesse, Renounce Religion


You were on level 2 of the Lair of Beasts.
You worshipped Okawaru.
Okawaru was extremely pleased with you.
You were completely stuffed.

You visited 2 branches of the dungeon, and saw 10 of its levels.
You also visited: Labyrinth.

You collected 493 gold pieces.
You spent 314 gold pieces at shops.


Innate Abilities, Weirdness & Mutations

You can spit globs of burning liquid.
You can ignite nearby creatures when you spit burning liquid.
Your weird mottled scales are hard (AC +7).
Your body does not fit into most forms of armour.
Your cold-blooded metabolism reacts poorly to cold.


   Skills:
 - Level 3.2(8.2) Fighting
 + Level 16.1(21.1) Long Blades
 - Level 2.6(7.6) Dodging
   Level 3.0(8.0) Shields


You had 10 spell levels left.
You didn't know any spells.

Dungeon Overview and Level Annotations

Branches:
Dungeon (8/15)             Temple (0/1) D:4            Lair (2/8) D:8

Altars:
Dithmenos
Fedhas
Kikubaaqudgha
Makhleb
Nemelex Xobeh
Okawaru
Qazlal
Yredelemnul

Shops:
D:4 (   D:7 ![(?

Annotations:
Lair:1 chequers' ghost, powerful OgBe

Inventory:

Hand weapons
 a - a +2 great sword of freezing (weapon)
   (You found it in a labyrinth)
 K - a +9 blowgun
Missiles
 e - 5 poisoned javelins
 p - 311 stones
 x - 32 poisoned needles
 D - 7 needles of frenzy
 S - a javelin (quivered)
Armour
 b - a +0 pair of gloves (worn)
 d - a +0 pair of boots (worn)
 A - a +0 cloak (worn)
Magical staves
 W - a cursed staff of energy {unknown}
Jewellery
 t - an amulet of the gourmand (around neck)
 B - an uncursed ring of teleportation
 G - an uncursed ring of fire
 Y - a +3 ring of dexterity (right hand)
 Z - the ring of Hek Clea (left hand) {rN++ Str-2 Int+5 Stlth+}
   (You found it in a labyrinth)

   [ring of stealth]

   It affects your strength (-2).
   It affects your intelligence (+5).
   It greatly protects you from negative energy.
   It makes you more stealthy.
Magical devices
 c - a wand of frost (31)
 m - a wand of paralysis (13)
 n - a wand of lightning (7)
 O - a wand of slowing (12)
Scrolls
 q - 4 scrolls of teleportation {@r4}
 w - 4 scrolls of recharging
 y - 2 scrolls of fog
 E - 5 scrolls of remove curse {@r2}
 H - 2 scrolls of random uselessness {unknown}
 I - 2 scrolls of magic mapping {unknown}
 L - 2 scrolls of vulnerability {unknown}
 N - 5 scrolls of amnesia {unknown}
 P - a scroll of enchant armour {unknown}
 U - a scroll of enchant weapon {unknown}
Potions
 g - 3 potions of curing {@q1}
 j - a potion of lignification {!q}
 k - 4 potions of restore abilities
 l - a potion of degeneration {unknown}
 r - 6 potions of heal wounds {@q2}
 s - a potion of cancellation
 v - 2 potions of haste {@q3}
 z - 2 potions of resistance
 C - 2 potions of brilliance
 F - a potion of invisibility
 J - a potion of ambrosia {unknown}
 M - a potion of mutation {unknown}
 Q - a potion of poison {unknown}
Books
 T - a Grand Grimoire {highlevel, unknown}
Miscellaneous
 V - a phantom mirror
Comestibles
 f - 8 bread rations
 h - 3 beef jerkies
 i - 7 meat rations
 o - 27 fruits
 u - a royal jelly
 R - 4 chunks of flesh

#.)...............## #...#
##........#.....#.P# #..##
###P.......###.......# #...#
#..........# ##.......#
#...#
##........####........#
#..##
#..........#.........###..P.
###...#.P...................
#.#..###P..F...............
###..#####@#...............
#...# ##§.:.............
#..## #†...........##..
#P†.# ##............##.. ###
###.####............. #.#
#..####†.##.........###..
.#. #..................## #
# . ####..#............##
#......##...........#


You could see a blink frog.


Message History

The blink frog blinks! x2
The blink frog croaks.
You completely miss the blink frog. The blink frog closely misses you.
The blink frog closely misses you.
You gain the combat prowess of a mighty hero.
You feel slightly less full. The blink frog hits you.
The blink frog blinks!
The blink frog hits you.
You slash the blink frog! You freeze the blink frog.
The blink frog seems to slow down.
The blink frog hits you!
The blink frog blinks! x2
You completely miss the blink frog. The blink frog hits you.
The blink frog blinks!
The blink frog blinks!
The blink frog is no longer moving slowly.
The blink frog blinks!
The blink frog barely misses you.
You completely miss the blink frog.
The blink frog hits you but does no damage.
You slash the blink frog! You freeze the blink frog.
Your tail-slap passes through the blink frog as it momentarily phases out.
The blink frog misses you. The blink frog barely misses you.
You completely miss the blink frog.
Your tail-slap misses the blink frog.
The blink frog blinks!
The blink frog hits you.
The blink frog blinks!
The blink frog hits you!
You slash the blink frog! You freeze the blink frog.
The blink frog seems to slow down.
The blink frog blinks!
You closely miss the blink frog.
Your tail-slap misses the blink frog.
The blink frog blinks!
The blink frog momentarily phases out as your attack passes through it.
The blink frog blinks!
The blink frog blinks!
The blink frog hits you.
* * * LOW HITPOINT WARNING * * *
The blink frog blinks!
The blink frog blinks! x2
You miss the blink frog. The blink frog closely misses you.
You completely miss the blink frog. You tail-slap the blink frog.
The blink frog hits you but does no damage.
You slash the blink frog! You freeze the blink frog.
You kill the blink frog!
Okawaru accepts your kill.
You have reached level 11!
The blink frog blinks!
The blink frog hits you.
* * * LOW HITPOINT WARNING * * *
The blink frog misses you. The blink frog closely misses you.
You slash the blink frog! You freeze the blink frog. The blink frog hits you!
* * * LOW HITPOINT WARNING * * *
The blink frog blinks! x2
The blink frog blinks! x2
You miss the blink frog. The blink frog closely misses you.
You slash the blink frog! You freeze the blink frog. The blink frog misses you.
The blink frog momentarily phases out as your attack passes through it.
The blink frog blinks! x2
The blink frog blinks!
The blink frog momentarily phases out as your attack passes through it.
Your tail-slap passes through the blink frog as it momentarily phases out.
The blink frog hits you but does no damage.
The blink frog closely misses you.
You miss the blink frog.
Your tail-slap misses the blink frog.
The blink frog hits you.
* * * LOW HITPOINT WARNING * * *
The blink frog momentarily phases out as your attack passes through it.
The blink frog hits you.
* * * LOW HITPOINT WARNING * * *
The blink frog blinks!
The blink frog hits you!
* * * LOW HITPOINT WARNING * * *
You slice the blink frog!! You freeze the blink frog!
You kill the blink frog!
Okawaru accepts your kill. The blink frog hits you!!
You die...

Action                   |  1- 3 |  4- 6 |  7- 9 | 10-12 || total
-------------------------+-------+-------+-------+-------++-------
Melee: Long sword        |   111 |   310 |    71 |       ||   492
       Great sword       |       |       |   456 |   214 ||   670
Throw: Stone             |       |    12 |       |       ||    12
       Javelin           |       |     4 |     1 |     2 ||     7
Invok: Heroism           |       |       |     1 |     4 ||     5
 Abil: Breathe Sticky Fl |       |       |    11 |     3 ||    14
  Use: Scroll            |       |     6 |     9 |     5 ||    20
       Potion            |       |     1 |     2 |     3 ||     6
 Stab: Sleeping          |       |       |     2 |     2 ||     4
       Invisible         |       |       |       |     2 ||     2
  Eat: Chunk             |       |    25 |    18 |    17 ||    60

Vault maps used:
D:1:      minmay_arrival_solitary_statue
D:2:      grunt_temple_overflow_open, uniq_crazy_yiuf_cottage, uniq_robin
D:3:      nicolae_overflow_hidden_temple, okawaru_metal_pillars_3
D:4:      minmay_temple_entry_butterflies, gup_sewer_entry_spiral, serial_shops,
          shop, uniq_pikel
D:5:      grunt_dithmenos_smoke, first_bread, lemuel_statue_altar
D:6:      kennysheep_steamy
D:7:      serial_shops, shop, nicolae_shop_stone, shop, shop
D:8:      minmay_imperfect_grid, minmay_lair_entry_lava, blue_anna_alchemist,
          uniq_joseph
Lair:1:   lab_entry_generic
Lab:      labyrinth_hidden_loot, nicolae_lab_flowing_pool,
          labyrinth_skeletal_remains, nicolae_lab_statue

Notes
Turn   | Place    | Note
--------------------------------------------------------------
     0 | D:1      | Sixotanaka, the Draconian Fighter, began the quest for the Orb.
     0 | D:1      | Reached XP level 1. HP: 19/19 MP: 1/1
   211 | D:1      | Reached XP level 2. HP: 24/26 MP: 2/2
   290 | D:1      | Reached skill level 3 in Long Blades
   368 | D:1      | Reached XP level 3. HP: 31/31 MP: 3/3
   558 | D:2      | Noticed Robin
   569 | D:2      | Killed Robin
   569 | D:2      | Reached skill level 4 in Long Blades
   794 | D:2      | Reached XP level 4. HP: 23/38 MP: 4/4
  1018 | D:2      | Found a sparkling altar of Nemelex Xobeh.
  1033 | D:2      | Found an ancient bone altar of Kikubaaqudgha.
  1037 | D:2      | Found a basalt altar of Yredelemnul.
  1037 | D:2      | Found a blossoming altar of Fedhas.
  1038 | D:2      | Found a burning altar of Makhleb.
  1677 | D:2      | Noticed Crazy Yiuf
  1710 | D:2      | Reached skill level 5 in Long Blades
  2054 | D:2      | Killed Crazy Yiuf
  2054 | D:2      | Reached XP level 5. HP: 31/45 MP: 5/5
  2644 | D:3      | Noticed Guenter's ghost (average DsGl)
  2906 | D:3      | HP: 8/45 [Guenter's ghost (12)]
  3257 | D:3      | Reached skill level 6 in Long Blades
  3270 | D:3      | HP: 7/45 [something/magic dart (7)]
  3631 | D:3      | Found an iron altar of Okawaru.
  3782 | D:3      | Became a worshipper of Warmaster Okawaru
  3856 | D:3      | Reached XP level 6. HP: 44/51 MP: 6/6
  4518 | D:3      | Killed Guenter's ghost
  4518 | D:3      | Reached skill level 7 in Long Blades
  4693 | D:4      | Your scales start taking on a weird mottled pattern.
  4693 | D:4      | Reached XP level 7. HP: 57/57 MP: 7/7
  4752 | D:4      | Reached skill level 8 in Long Blades
  4781 | D:4      | Found a staircase to the Ecumenical Temple.
  4804 | D:4      | Noticed Pikel
  4834 | D:4      | Noticed miek's ghost (average HEHu)
  4854 | D:4      | HP: 14/57 [slave[Pikel] (9)]
  4855 | D:4      | HP: 6/57 [slave[Pikel] (8)]
  5014 | D:4      | Found Thais' Weapon Boutique.
  5027 | D:4      | Bought a +0 great sword for 65 gold pieces
  5099 | D:4      | Acquired Okawaru's first power
  5246 | D:4      | Reached skill level 9 in Long Blades
  5867 | D:4      | Killed Pikel
  5867 | D:4      | Reached skill level 10 in Long Blades
  5867 | D:4      | Reached XP level 8. HP: 56/63 MP: 8/8
  6207 | D:4      | Killed miek's ghost
  6207 | D:4      | Reached skill level 11 in Long Blades
  6417 | D:5      | Entered Level 5 of the Dungeon
  6417 | D:5      | Found a shadowy altar of Dithmenos.
  6691 | D:5      | Reached XP level 9. HP: 64/70 MP: 9/9
  6765 | D:5      | Found a stormy altar of Qazlal.
  6884 | D:6      | Reached skill level 12 in Long Blades
  7728 | D:6      | Reached skill level 13 in Long Blades
  8042 | D:7      | Found Shrad's Magic Scroll Shoppe.
  8047 | D:7      | Bought 3 scrolls of teleportation for 126 gold pieces
  8047 | D:7      | Bought a scroll of identify for 28 gold pieces
  8047 | D:7      | Bought a scroll of identify for 28 gold pieces
  8440 | D:7      | Found Zaessae's Distillery.
  8502 | D:7      | Found Gisatze's Antique Weapon Shoppe.
  8520 | D:7      | Bought a runed blowgun for 67 gold pieces
  8546 | D:7      | Found Muama's Antique Armour Emporium.
  9000 | D:8      | Noticed Joseph
  9068 | D:8      | Killed Joseph
  9236 | D:8      | Reached skill level 14 in Long Blades
  9236 | D:8      | Reached XP level 10. HP: 68/77 MP: 10/10
  9635 | D:8      | HP: 19/77 [poisoned by a killer bee]
  9640 | D:8      | HP: 13/77 [poisoned by a killer bee]
  9646 | D:8      | HP: 10/77 [poisoned by a killer bee]
  9651 | D:8      | HP: 7/77 [poisoned by a killer bee]
  9656 | D:8      | HP: 6/77 [poisoned by a killer bee]
  9661 | D:8      | HP: 5/77 [poisoned by a killer bee]
  9669 | D:8      | HP: 5/77 [poisoned by a killer bee]
  9995 | D:8      | Found a staircase to the Lair.
 10049 | D:8      | Noticed a fire drake
 10060 | D:8      | Killed a fire drake
 10377 | D:8      | Noticed a hill giant
 10385 | D:8      | HP: 14/77 [hill giant/giant club (33)]
 10390 | D:8      | Killed a hill giant
 10390 | D:8      | Reached skill level 15 in Long Blades
 11452 | Lair:1   | Entered Level 1 of the Lair of Beasts
 11452 | Lair:1   | Found a labyrinth entrance.
 11452 | Lair:1   | Noticed chequers' ghost (powerful OgBe)
 11459 | Lab      | Entered a labyrinth
 11698 | Lab      | Noticed a minotaur
 11710 | Lab      | Killed a minotaur
 11710 | Lab      | Acquired Okawaru's second power
 11710 | Lab      | Received a gift from Okawaru
 12125 | Lab      | Got an ancient bone ring
 12129 | Lab      | Identified the ring of Hek Clea {rN++ Str-2 Int+5 Stlth+} (You found it in a labyrinth)
 12352 | Lair:1   | Noticed an eight-headed hydra
 12681 | Lair:2   | Reached skill level 16 in Long Blades
 12811 | Lair:2   | Reached XP level 11. HP: 40/82 MP: 9/11
 12825 | Lair:2   | HP: 16/82 [blink frog (9)]
 12826 | Lair:2   | Slain by a blink frog

Vanquished Creatures
  A minotaur (Lab)
  A hill giant (D:8)
  Pikel (D:4)
  Joseph (D:8)
  A fire drake (D:8)
  A minotaur zombie (Lab)
  2 blink frogs (Lair:2)
  A two-headed ogre (D:8)
  The ghost of miek the Archer, an average HEHu (D:4)
  A wraith (D:8)
  A shadow (D:8)
  A yak (Lair:2)
  2 steam dragons (D:6)
  The ghost of Guenter the Poker, an average DsGl (D:3)
  A hungry ghost (D:8)
  An ice beast (D:6)
  A slave (D:4)
  5 ogres
  A phantom (D:8)
  A black bear (D:8)
  A big kobold (D:8)
  A crocodile (Lair:2)
  6 giant frogs
  A gnoll sergeant (D:8)
  10 killer bees
  3 scorpions
  2 goliath beetles
  5 crimson imps
  7 orc priests
  Crazy Yiuf (D:2)
  A giant frog skeleton (D:7)
  5 jellies
  5 worker ants
  2 iguanas
  2 quasits (D:8)
  4 hounds
  7 orc wizards
  7 sheep (Lair:2)
  A mummy (D:7)
  Robin (D:2)
  7 gnolls
  A worker ant zombie (D:7)
  2 shadow imps
  13 adders
  5 giant mites
  6 worms
  An adder skeleton (D:8)
  8 giant geckos
  An ooze (D:2)
  29 orcs
  A ball python (D:4)
  A bat skeleton (D:5)
  A bat zombie (D:8)
  8 giant cockroaches
  15 hobgoblins
  6 jackals
  23 bats
  A giant gecko zombie (D:8)
  3 giant newts
  22 goblins
  22 kobolds
  7 quokkas
  A quokka zombie (D:6)
  15 rats
  A fungus (D:6)
298 creatures vanquished.

Vanquished Creatures (others)
  A slave (D:4)
  An orc (D:4)
  A butterfly (D:4)
  3 fungi
6 creatures vanquished.

Grand Total: 304 creatures vanquished
